Cogmind - Beta 16 @@@ ROGUE MODE // 2025.11.06 @ 21:32:36 Player: Tape Result: Destroyed by Y-45 Defender with Beam Rifle Performance ------------- Evolutions (0) 0 Regions Visited (3) 600 Robots Destroyed (40) 200 Value Destroyed (1068) 1068 Prototype IDs (12) 240 Alien Tech Used (0) 0 Bonus (30) 30 TOTAL SCORE: 2138 Bonus ------- Follower Combat Kills 30 Cogmind --------- Core Integrity 0/250 Matter 300/300 Energy 40/100 System Corruption 0% Temperature Warm (142) Movement Treading (320) Ox2 Location -9/Recycling Parts ------- > --- POWER (1) -------- Subdweller Power Source > --- PROPULSION (2) --- Improved Treads Improved Treads > --- UTILITY (2) ------ Huge Storage Unit Medium Armor Plating > --- WEAPON (2) ------- Subdweller Beam Cannon Subdweller Beam Cannon > --- INVENTORY (25) --- Subdweller Power Source Subdweller Power Source Improved Treads Spiked Treads Subdweller Monowheel Subdweller Monowheel Flightbrick High-capacity Storage Unit Scrap Shield Subdweller Laser Subdweller Laser Subdweller Beam Cannon Assault Rifle Subdweller Machine Gun Subdweller Machine Gun Light Cannon Battle Cannon Battle Cannon Slug Cannon Slug Cannon Peak State ------------ > --- POWER ------------ Subdweller Power Source > --- PROPULSION ------- Improved Treads Improved Treads > --- UTILITY ---------- Huge Storage Unit Medium Armor Plating > --- WEAPON ----------- Subdweller Beam Cannon Subdweller Beam Cannon > --- INVENTORY -------- Subdweller Power Source Subdweller Power Source Improved Treads Spiked Treads Subdweller Monowheel Subdweller Monowheel Flightbrick High-capacity Storage Unit Scrap Shield Subdweller Laser Subdweller Laser Subdweller Beam Cannon Assault Rifle Subdweller Machine Gun Subdweller Machine Gun Light Cannon Battle Cannon Battle Cannon Slug Cannon Slug Cannon [Rating: 20] Favorites ----------- Power Subdweller Power Source Engine Subdweller Power Source Propulsion Improved Treads Treads Improved Treads Utility Scrap Shield Device Seismic Detector Storage Huge Storage Unit Protection Scrap Shield Weapon Subdweller Beam Cannon Energy Gun Subdweller Laser Energy Cannon Subdweller Beam Cannon Ballistic Gun Subdweller Machine Gun Ballistic Cannon Slug Cannon Launcher Grenade Launcher Build | -11 -10 -10 -9 ------- Run | Yrd Mat Sub Rec Slots Evolved . | . . . . Power . | . . . . Propulsion . | . . . . Utility . | . . . . Weapon . | . . . . Parts Attached 38 | 7 6 25 . Power 4 | 1 . 3 . Engine 4 | 1 . 3 . Core . | . . . . Reactor . | . . . . Propulsion 6 | 2 . 4 . Treads 6 | 2 . 4 . Leg . | . . . . Wheel . | . . . . Hover . | . . . . Flight . | . . . . Utility 10 | 2 2 6 . Device 2 | 1 . 1 . Storage 4 | 1 2 1 . Processor . | . . . . Hackware . | . . . . Protection 4 | . . 4 . Artifact . | . . . . Weapon 18 | 2 4 12 . Energy Gun 4 | 1 . 3 . Energy Cannon 6 | . 3 3 . Ballistic Gun 5 | 1 . 4 . Ballistic Cannon 1 | . . 1 . Launcher 2 | . 1 1 . Special Weapon . | . . . . Impact Weapon . | . . . . Slashing Weapon . | . . . . Piercing Weapon . | . . . . Special Melee Weapon . | . . . . Unidentified Prototypes . | . . . . Parts Lost 3 | . . 3 . Power 1 | . . 1 . Propulsion 1 | . . 1 . Utility . | . . . . Weapon 1 | . . 1 . Highest Loss Streak 2 | . . 2 . To Critical Strikes 1 | . . 1 . Average Backups 11 | 2 12 10 20 Power . | . 1 . 2 Propulsion 2 | . 1 2 5 Utility 2 | . 5 2 2 Weapon 5 | . 4 5 11 Tool/Special . | . . . . Unused Backups 24 | . 6 4 14 Power 2 | . . . 2 Propulsion 6 | . 1 . 5 Utility 4 | . 2 2 . Weapon 12 | . 3 2 7 Tool/Special . | . . . . Average Slot Usage (%) 90 | . 100 87 100 Engine 14 | . 14 14 14 Treads 28 | . 28 28 28 Device 3 | . 14 . . Storage 7 | . 14 6 14 Protection 7 | . . 9 14 Energy Gun 4 | . . 5 . Energy Cannon 18 | . 27 16 28 Ballistic Gun 2 | . . 2 . Ballistic Cannon 1 | . . 2 . Peak Build Rating 20 | 7 12 20 20 Average Rating 13 | 5 10 14 20 On Entrance 9 | . 7 12 20 Avg Prop Armor Cover (%) . | . . . . Naked Turns . | . . . . Heaviest Build 108 | 13 54 108 108 Greatest Support 46 | 40 40 46 46 Greatest Overweight (x) 2 | . 1 2 2 Average Overweight (x) . | . . . 2 Largest Inventory Capacity 25 | 8 20 25 25 Average Capacity 13 | 7 14 13 25 Most Carried 25 | 4 20 25 24 Average Carried 11 | 2 12 11 24 Final Capacity 25 | 8 20 25 25 Final Carried 24 | 4 20 24 24 Class Distribution -------------------- 64% | Mutant 35% | Subdweller-Mutant Dominant Class ---------------- Mutant | -10/Materials Mutant | -10/Subcaves Mutant | -9/Recycling Resources | -11 -10 -10 -9 ----------- Run | Yrd Mat Sub Rec Matter Collected 1293 | 277 270 746 . Remotely . | . . . . Salvage Created 1504 | 101 545 750 108 Parts 98 | 12 33 45 8 Haulers Intercepted 2 | . 2 . . Recyclers Shooed 3 | 1 2 . . Parts Field Recycled . | . . . . Retrieved Matter . | . . . . Parts Self-Destructed 23 | . . 23 . Prevented . | . . . . Parts Restored . | . . . . Kills | -11 -10 -10 -9 ------- Run | Yrd Mat Sub Rec Combat Hostiles Destroyed 28 | . 10 16 2 Guns 9 | . . 9 . Cannons 14 | . 8 4 2 AOE 1 | . 1 . . Classes Destroyed 11 | 2 6 3 . Worker 1 | . 1 . . Builder 1 | . 1 . . Tunneler 2 | 2 . . . Hauler 2 | . 2 . . Recycler 1 | 1 . . . Turret 2 | . . 2 . Watcher 3 | . 3 . . Swarmer 7 | . 3 4 . Grunt 9 | . 7 2 . Sentry 3 | . . 1 2 Subdweller 9 | . . 9 . Best Kill Streak 4 | 2 3 4 1 Combat Bots Only 4 | . 3 4 1 Max Kills in Single Turn 2 | 1 1 2 1 Gunslinging 1 | . . 1 . Exploded 1 | . 1 . . Melee . | . . . . Uniques/NPCs Destroyed . | . . . . Combat | -11 -10 -10 -9 -------- Run | Yrd Mat Sub Rec Hostile Shots Fired 202 | . 35 152 15 Missed 74 | . 9 61 4 Hits 128 | . 26 91 11 Projectile 128 | . 26 91 11 AOE 3 | . . 3 . Critical Strikes 1 | . . 1 . Damage Taken 1777 | . 283 1330 164 Core 262 | . 10 181 71 Absorbed by Shields . | . . . . Core Remaining (%) 100 | 100 . . . Volleys Fired 160 | 7 30 117 6 Largest 2 | 2 2 2 2 Hottest 160 | 60 112 160 160 Shots Fired 259 | 14 55 179 11 Gun 97 | 14 . 83 . Cannon 161 | . 54 96 11 Launcher 1 | . 1 . . Special . | . . . . Kinetic 96 | 7 . 89 . Thermal 55 | 7 . 37 11 Explosive 1 | . 1 . . Electromagnetic 107 | . 54 53 . Robot Hit Streak 15 | 2 12 15 5 Robot Miss Streak 4 | 3 4 3 2 Penetration Max . | . . . . Secondary Targets 1 | . . 1 . Max Gunslinging Chain 1 | . . 1 . Shots Hit Robots 141 | 6 31 96 8 Core Hits 56 | 5 16 33 2 Critical Kills 1 | . . 1 . Critical Parts Destroyed 2 | . . 2 . Critical Strikes 5 | . 1 4 . Destroy 3 | . . 3 . Corrupt 2 | . 1 1 . Melee Attacks . | . . . . Impact . | . . . . Slashing . | . . . . Piercing . | . . . . Sneak Attacks . | . . . . Combat Hostiles . | . . . . Follow-up Attacks . | . . . . Damage Inflicted 3003 | 50 949 1767 237 Guns 918 | 50 . 868 . Cannons 1952 | . 830 899 223 Explosions 75 | . 75 . . Melee . | . . . . Ramming 58 | . 44 . 14 Kinetic 711 | 39 . 672 . Thermal 802 | 11 . 568 223 Explosive 75 | . 75 . . Electromagnetic 1357 | . 830 527 . Impact . | . . . . Slashing . | . . . . Piercing . | . . . . Highest Corruption . | . . . . Average Corruption . | . . . . Corruption Purged . | . . . . Corruption Blocked . | . . . . Overload Shots . | . . . . Overflow Damage 46 | . 36 10 . Projectiles 46 | . 36 10 . Explosions . | . . . . Melee . | . . . . Knockbacks 2 | . 2 . . Impact 2 | . 2 . . Kinetic . | . . . . Secondary . | . . . . Self-Inflicted Damage . | . . . . Shots . | . . . . Rammed 11 | . 9 . 2 Targets Rammed 13 | . 11 . 2 Kicked . | . . . . Crushed 2 | . 2 . . Highest Temperature 297 | 40 246 72 297 Average Temperature 72 | 18 75 22 122 Received Heat Transfer 555 | . 138 354 63 Effects 1 | . . . 1 Energy Bleed 1 | . . . 1 Siege Activations . | . . . . Martial Activations . | . . . . Shielding Activations . | . . . . Robots Disrupted 2 | . . 2 . Combat Hostiles 2 | . . 2 . Robots Corrupted 4 | . 1 3 . Combat Hostiles 4 | . 1 3 . Parts Fried 9 | . 4 5 . Impact Corruptions . | . . . . Robots Melted . | . . . . Combat Hostiles . | . . . . Parts Melted 1 | . . 1 . Heat Transferred 1040 | 25 . 719 296 Parts Sabotaged . | . . . . Parts Stolen . | . . . . Parts Stripped . | . . . . Power Chain Reactions . | . . . . Alert | -11 -10 -10 -9 ------- Run | Yrd Mat Sub Rec Maximum Alert Level . | . . . . Low Security (%) 100 | 100 100 . 100 Level 1 . | . . . . Level 2 . | . . . . Level 3 . | . . . . Level 4 . | . . . . Level 5 . | . . . . High Security . | . . . . Max Security . | . . . . Peak Influence 188 | 10 158 . 188 Initial 187 | . . . 187 Average 48 | . 40 . 159 Influence Increases 910 | 15 392 460 43 Destroy 0b10 Robot/C 420 | . 200 180 40 Destroy 0b10 Robot/NC 50 | 15 35 . . Destroy Leader 60 | . 50 10 . Successful Hack 24 | . 24 . . Disable Machine 30 | . 30 . . Destroy Structure 11 | . 8 . 3 Lose Combat Pursuer 315 | . 45 270 . Influence Decreases 770 | 15 392 70 293 Entered New Map 203 | . . . 203 Time Decay 567 | 15 392 70 90 Squads Dispatched 1 | . 1 . . Investigation . | . . . . Extermination . | . . . . Reinforcement 1 | . 1 . . Assault . | . . . . Garrison . | . . . . Intercept . | . . . . Searches Triggered . | . . . . Construction Impeded . | . . . . Haulers Reinforced . | . . . . Active Scanning Responses . | . . . . Cargo Convoy Interrupts . | . . . . Stealth | -11 -10 -10 -9 --------- Run | Yrd Mat Sub Rec Distress Signals . | . . . . Communications Jammed . | . . . . Distress Signals . | . . . . Times Spotted 46 | . 17 26 3 Peak Tracking Total 4 | . 3 4 2 Tactical Retreats 11 | . 2 9 . Traps | -11 -10 -10 -9 ------- Run | Yrd Mat Sub Rec Traps Triggered 2 | . . 2 . Indirectly . | . . . . Trap Hack Attempts . | . . . . Triggered . | . . . . Disarmed . | . . . . Reprogrammed . | . . . . Reused . | . . . . Traps Extracted . | . . . . Installed . | . . . . Triggered . | . . . . Machines | -11 -10 -10 -9 ---------- Run | Yrd Mat Sub Rec Machines Disabled 4 | . 2 2 . Max in Single Turn 1 | . 1 1 . Machines Repaired . | . . . . Machines Dismantled . | . . . . Machines Sabotaged . | . . . . Overloaded Fab Kills . | . . . . Hacking | -11 -10 -10 -9 --------- Run | Yrd Mat Sub Rec Machines Accessed 11 | . 8 3 . Terminals 6 | . 6 . . Fabricators . | . . . . Repair Stations . | . . . . Recycling Units 2 | . 2 . . Scanalyzers . | . . . . Garrison Access . | . . . . Total Hacks 26 | . 21 5 . Successful 17 | . 12 5 . Failed 9 | . 9 . . Catastrophic . | . . . . Database Lockouts . | . . . . Manual 17 | . 17 . . Terminals 17 | . 17 . . Fabricators . | . . . . Repair Stations . | . . . . Recycling Units 4 | . 4 . . Scanalyzers . | . . . . Garrison Access . | . . . . Terminal Hacks 7 | . 2 5 . Record 3 | . . 3 . Robot Analysis 2 | . 2 . . Open Door 1 | . . 1 . Proto ID Catalog 1 | . . 1 . Fabricator Hacks . | . . . . Repair Station Hacks . | . . . . Recycling Unit Hacks 2 | . 2 . . Retrieve Components 2 | . 2 . . Scanalyzer . | . . . . Garrison Access Hacks . | . . . . Unauthorized Hacks 8 | . 8 . . Terminals 8 | . 8 . . Botnet 2 | . 2 . . Skim 6 | . 6 . . Fabricators . | . . . . Repair Stations . | . . . . Recycling Units . | . . . . Scanalyzers . | . . . . Garrison Access . | . . . . Data Cores Recovered . | . . . . Used . | . . . . Hacking Detections 5 | . 5 . . Full Trace Events . | . . . . Feedback Events . | . . . . Feedback Blocked . | . . . . Robot Schematics Acquired . | . . . . Robots Built . | . . . . Authchips . | . . . . Time . | . . . . Total Robot Build Rating . | . . . . Part Schematics Acquired . | . . . . Parts Built . | . . . . Authchips . | . . . . Time . | . . . . Total Part Build Rating . | . . . . Part Studies Acquired . | . . . . Parts Repaired . | . . . . Time . | . . . . Parts Recycled . | . . . . Recycled Matter . | . . . . Retrieved Matter . | . . . . Retrieved Components 3 | . 3 . . Parts Scanalyzed . | . . . . Part Schematics Acquired . | . . . . Parts Damaged . | . . . . Bothacking | -11 -10 -10 -9 ------------ Run | Yrd Mat Sub Rec Used RIF Installer . | . . . . Robots Hacked . | . . . . Non-combat . | . . . . Combat . | . . . . Robot Hacks Applied . | . . . . Relay Couplers Released . | . . . . Fabnet Peak Effective % . | . . . . Robots Rewired 1 | . . 1 . Allies Hacked . | . . . . Hacks Repelled . | . . . . Allies | -11 -10 -10 -9 -------- Run | Yrd Mat Sub Rec Total Allies 1 | . . 1 . Largest Group 1 | . . 1 . Highest-Rated Group 19 | . . 19 . Highest-Rated Ally 19 | . . 19 . Total Orders . | . . . . Ally Attacks 3 | . . 3 . Total Damage 64 | . . 64 . Kills 1 | . . 1 . Allies Corrupted . | . . . . Allies Melted . | . . . . Intel | -11 -10 -10 -9 ------- Run | Yrd Mat Sub Rec Active Infowar (turns) 2486 | 51 2027 408 . Seismic 2486 | 51 2027 408 . Robot Analysis Total 2 | . 2 . . Derelict Logs Recovered 1 | . . 1 . Drone Launches . | . . . . Drone Recoveries . | . . . . Exploration | -11 -10 -10 -9 ------------- Run | Yrd Mat Sub Rec Turns Passed 10518 | 119 2027 8174 198 Spaces Moved 4513 | 59 920 3480 54 Core 8 | 8 . . . Treads 4505 | 51 920 3480 54 Legs . | . . . . Wheels . | . . . . Hover . | . . . . Flight . | . . . . Fastest Speed 50 | 50 160 160 320 Average Speed 204 | 145 200 205 320 Slowest Speed 320 | 160 240 320 320 Overloaded Moves . | . . . . Propulsion Burnouts . | . . . . Robots Hopped . | . . . . Potential Cave-ins . | . . . . Cave-ins Triggered . | . . . . Exploration Rate (%) 48 | 5 98 76 16 Regions Visited 3 Branch Regions 2 Pre-discovered Areas 1 | . 1 . . Known Exits Taken 1 | . 1 . . Unknown Exits Taken 2 | 1 . 1 . Scrap Searched 12 | . . 12 . Spaces Dug 12 | . 8 4 . Terrain Destroyed 39 | . 8 28 3 Melee . | . . . . Projectile 31 | . . 28 3 AOE 8 | . 8 . . Terrain Rammed . | . . . . Walls Destroyed . | . . . . Machines Disabled . | . . . . Actions | -11 -10 -10 -9 --------- Run | Yrd Mat Sub Rec Total 5514 | 76 1040 4334 64 Wait 667 | . 42 623 2 Move 4510 | 58 919 3479 54 Hop . | . . . . Pick Up 56 | 4 23 29 . Fast Attach 9 | 7 . 2 . Attach 6 | . . 6 . Detach . | . . . . Swap 35 | . 6 29 . Drop 26 | . 9 17 . Fire 160 | 7 30 117 6 Melee . | . . . . Ram . | . . . . Kick . | . . . . Crush 13 | . 11 . 2 Escape Stasis . | . . . . Rewire 20 | . . 20 . Trap . | . . . . Miscellaneous 12 | . . 12 . Route ------- -11/Scrapyard -10/Materials (discovered 6 exits: [*Mat x3] / [*Min x2] / *Sub) -10/Subcaves (discovered 2 exits: [*Mat] / [*Rec]) -9/Recycling (discovered 1 exit: Fac) History --------- Turn | Location | Event 3 | -11/Scrapyard | Discovered new exit (range 15) 120 | -11/Scrapyard | Entered Materials 228 | -10/Materials | Discovered new exit (range 7) 309 | -10/Materials | Build established: Mutant 386 | -10/Materials | Discovered new exit (range 13) 541 | -10/Materials | Discovered new exit (range 15) 870 | -10/Materials | Discovered new exit (range 6) 971 | -10/Materials | Loaded intel: 13 trap records 1016 | -10/Materials | Learned Materials trap positions 1045 | -10/Materials | Discovered new exit (range 15) 1052 | -10/Materials | Identified exit to Subcaves 1052 | -10/Materials | Learned location of 2 exits from Materials 1089 | -10/Materials | Learned Storage interactive machine intel 1113 | -10/Materials | Learned 4 Recycling zone layouts 2147 | -10/Materials | Entered Subcaves 2454 | -10/Subcaves | Discovered new exit (range 11) 2526 | -10/Subcaves | Learned location of 1 exit from Materials 2623 | -10/Subcaves | A swath of the cavern ceiling suddenly collapsed 3675 | -10/Subcaves | Shifting Twisted Machinery released Barrage Gun 3678 | -10/Subcaves | Shifting Twisted Machinery released Piercing Trap 4177 | -10/Subcaves | Build established: Subdweller-Mutant 4322 | -10/Subcaves | A swath of the cavern ceiling suddenly collapsed 5222 | -10/Subcaves | Core integrity fell below 50% 6279 | -10/Subcaves | Shifting Twisted Machinery released Sub. Beam Cannon 6281 | -10/Subcaves | Shifting Twisted Machinery released Sub. Beam Cannon 6415 | -10/Subcaves | Visited Clippyterm 6419 | -10/Subcaves | Learned Research machine intel 6482 | -10/Subcaves | Shifting Twisted Machinery released Sub. Power Source 6495 | -10/Subcaves | Shifting Twisted Machinery released Riot Gun 6859 | -10/Subcaves | Visited 4L-MR0's lab 7680 | -10/Subcaves | Discovered new exit (range 16) 8058 | -10/Subcaves | Build established: Mutant 9756 | -10/Subcaves | Found Flightbrick 10321 | -10/Subcaves | Entered Recycling 10322 | -9/Recycling | Identified exit to Factory 10492 | -9/Recycling | Core integrity fell below 20% 10519 | -9/Recycling | Destroyed by Y-45 Defender with Beam Rifle Last Messages --------------- 09967_ Acquired 10 matter. 09969_ Searching scrap... 09969_ Found Battle Rifle. 09969_ Found Enh. Flamer. 09969_ Found 36 Matter. 09979_ Subatomizers dissect the Spk. Treads. LOCATION=UNKNOWN GOAL=ESCAPE Loading 4 Recycling zones... 10378_ Y-45 Defender springs to life. 10379_ Y-45 Defender destroyed. 10396_ U-05 Engineer builds a Wall. 10403_ R-06 Scavenger collects Beam Rifle. 10408_ Slammed into R-06 Scavenger. 10490_ Y-45 Defender springs to life. 10493_ Y-45 Defender destroyed. 10499_ U-05 Engineer builds a Wall. 10503_ Overheating: Energy bleed (-5). 10518_ Sub. Beam Cannon shoots sparks and powers down. Map ----- +----------------------------------------------------+ | ??????????????#####???????????????????????? | | ?????#######??# #???????????????????????? | | ?????# ?# ###?????????????????????? | | ?????? ?# [[#????????####?????????? | | ?????? """ # [ #???????? #?????????? | | ?????# """ # [#??????? #?????????? | | ?????# """ + ###?###### #?????????? | | ###??# """ # #???##[! + #?????????? | | ??? """ # #???#%%### #?????????? | | ??? ?# ######%#?? #?????????? | | ??# ?# #??? #?????????? | | ??#######??# ###### #???####?????????? | | ???????????# #????# #????????????????? | | ???????????# ######+##???????????????? | | ???????????# # #???????????????? | | ???????????# # #???????????????? | | ???????????# + #???????????????? | | ###???????????# #r ##??????????????? | | ???????? # r#??????????????? | | ?????? ? # ##??????????????? | | ??????????? # #???????????????? | | ##??????????## # #???????????????? | | #????????????! # #???????????????? | | ##???????????? # #???????????????? | | ??#???????????? # #???????????????? | | ???"""#???# ### #######@#???????????????? | | ???"Y"##### #?# ##????# #???????????????? | | ??? #?# ####?# #???????????????? | | ??? #?# ### ###Y#???????????????? | | ??? #?# !%[ #???????????????? | | ???####+#####"# !! #???????????????? | | ???# # #???????????????? | | ???## # #???????????????? | | ????# # #???????????????? | | ????# # #???????????????? | | ????# # #########???????????????? | | ????# # #???????????????????????? | | ????# # #???????????????????????? | | ????# # ###?????????????????????? | | ???######+##### # ########??????????????? | | ???#"T"## ##### # #??????????????? | | ??? # #??????????????? | | ??? # #??????????????? | | ??? """ """ # #??????????????? | | ??? """ """ # #??????????????? | | ??? """ """ # #??????????????? | | ??? + #??????????????? | | ??? # #??????????????? | | ???##"Y"# + #??????????????? | | ????#"""# #### #####??????????????? | +----------------------------------------------------+ Best States ------------- Heat Dissipation 25 Energy Generation 15 Energy Capacity 250 Matter Stores 300 Matter Capacity 300 Sight Range 16 Terrain Scan Density 10 Armor Coverage 800 Evasion (%) 40 Recoil Reduction 2 Item Schematics ----------------- None Robot Schematics ------------------ None Fabricated ------------ Nothing Repaired ---------- Nothing Studied --------- None Alien Tech Used ----------------- None Achievements -------------- None Challenges ------------ None Game ------ Seed DirtyScatterDeconstructor Manual? 0 Play Time 00:30:24 Cumulative 23.3 hours Start 2025.11.05 @ 15:21:41 End 2025.11.06 @ 21:32:36 Sessions 4 Manual Loads 0 Difficulty Rogue Special Mode None Game No. 13 Rogue 13 Adventurer 0 Explorer 0 Win Type - Total 1 Types 0/1/0/0/0/0/0/0/0/0 Lore% 14 Gallery% 29 Achievement% 40 Wizard Run 0 Options --------- Layout 1 ASCII 0 Keyboard 0 Movement Arrows Keybinds 0 Fullscreen 2 Font 20/Terminus Map View 55x45 Zoom Use 0% Tactical HUD 1 Map Filters NONE Filters NONE Steam 0 RUN: eefc21b5-e846-4c4f-a2e0-33a6db1c52cd